 Dungeon Crawl Stone Soup version 0.28.0-53-g5a82cb258f (webtiles) character file.

Game seed: 5224991637891489003

284 DanlarScott the Firebug (level 6, 0/45 HPs)
             Began as a Draconian Fire Elementalist on Aug 18, 2022.
             Succumbed to an orc's poison
             ... on level 4 of the Dungeon.
             The game lasted 00:19:47 (3424 turns).

DanlarScott the Firebug (DrFE)                      Turns: 3424, Time: 00:19:48

Health: 0/45       AC:  7    Str: 10    XL:     6   Next: 7%
Magic:  10/10      EV: 12    Int: 17    God:
Gold:   168        SH:  0    Dex: 12    Spells: 11/12 levels left

rFire   . . .      SeeInvis .   h - +1 whip (elec)
rCold   . . .      Faith    .   (no shield)
rNeg    . . .      Spirit   .   (armour unavailable)
rPois   .          Reflect  .   (helmet restricted)
rElec   .          Harm     .   (no cloak)
rCorr   .          Rampage  .   j - +0 pair of gloves
Will    .....                   (no boots)
Stlth   ++........              c - amulet of magic regeneration
HPRegen 0.15/turn               (no ring)
MPRegen 0.52/turn               (no ring)

@: lethally poisoned (0 -> -5)
A: AC +6, unfitting armour, cold-blooded, low MP 1, inability to read while
threatened
a: no special abilities


You were on level 4 of the Dungeon.
You visited 1 branch of the dungeon, and saw 4 of its levels.

You collected 168 gold pieces.

Inventory:

Hand Weapons
 b - a +0 dagger
 h - a +1 whip of electrocution (weapon)
Armour
 j - a +0 pair of gloves (worn)
Jewellery
 c - an amulet of magic regeneration (around neck)
 d - an amulet of reflection
 i - an amulet of faith
Scrolls
 a - 4 scrolls of identify
 g - 2 scrolls of holy word
Potions
 e - 2 potions of mutation


   Skills:
 - Level 1.7 Dodging
 - Level 1.7 Stealth
 + Level 3.7 Spellcasting
 + Level 3.5 Conjurations
 + Level 4.6 Fire Magic


You had 11 spell levels left.
You knew the following spells:

 Your Spells              Type           Power      Damage    Failure   Level
a - Foxfire               Conj/Fire      68%        2x1d7     3%          1

Your spell library contained the following spells:

 Spells                   Type           Power      Damage    Failure   Level
 Scorch                   Fire           36%        2d7       3%          2
 Conjure Flame            Conj/Fire      17%        6-21      9%          3
 Inner Flame              Hex/Fire       11%        N/A       19%         3
 Flame Wave               Conj/Fire      17%        2d6       30%         4


Dungeon Overview and Level Annotations

Branches:
Dungeon (4/15)
 Temple: D:4-7

Altars:


Innate Abilities, Weirdness & Mutations

Your plain brown scales are hard. (AC +6)
You cannot fit into any form of body armour.
You are cold-blooded and may be slowed by cold attacks.
Your magical capacity is low. (-10% MP)
You sometimes lose the ability to read scrolls when taking damage.


Message History

Your foxfire dissipates!
The foxfire hits something!
The orc throws a poisoned dart.
The poisoned dart barely misses you. Something hits you but does no damage.
A magic dart appears from out of thin air!
The magic dart hits you.
The orc throws a poisoned dart.
The poisoned dart hits you!
You are poisoned.
A magic dart appears from out of thin air!
The magic dart hits you.
* * * LOW HITPOINT WARNING * * *
Casting: Foxfire (safe; 3% risk of failure)
Confirm with . or Enter, or press ? or * to list all spells.
You conjure some foxfire!
* * * LOW HITPOINT WARNING * * *
You feel very sick.
It was a potion of cancellation.
You feel magically purged.
You feel sick.
The foxfire hits something.
The foxfire hits something but does no damage.
As you read the scroll labelled SID SISHU DIOL, it crumbles to dust.
It is a scroll of enchant weapon.
Your +0 whip of electrocution glows red for a moment.
You feel sick. The orc closely misses you.
You feel sick.
You feel sick.
The orc throws a poisoned dart.
The poisoned dart barely misses you.
Casting: Foxfire (safe; 3% risk of failure)
Confirm with . or Enter, or press ? or * to list all spells.
You conjure some foxfire!
You feel sick.
The foxfire hits something but does no damage.
You feel sick.
The foxfire hits something but does no damage.
You feel sick.
You are no longer poisoned.
The orc throws a poisoned dart.
The poisoned dart hits you!
You are lethally poisoned!
A puff of flame appears from out of thin air!
The puff of flame misses you.
* * * LOW HITPOINT WARNING * * *
You feel sick.
You die...

##### ### #... ..#
#..####.# #....##.#
############..#.##.##
#...............#...######
#.########.o..............
#.########.#######..####.#
#........#@# #.## #.#
#..#####.#.# #.#####.##
#..##......# #.........
....##.##.#.# #.).......
####.##.##.#.# #.##......
#.##.##...#######.##.##.##
#.##.####...††...>#...#.##
..##.## ##.##...##........
......# #.# #.........#.


You could see an orc.

Vanquished Creatures
  An orc priest (D:3)
  An orc wizard (D:4)
  Terence (D:2)
  Robin (D:2)
  4 gnolls
  6 adders
  An ufetubus (D:3)
  A worm (D:2)
  A dart slug (D:3)
  5 orcs
  11 bats
  9 endoplasms
  12 goblins
  7 hobgoblins
  5 jackals (D:1)
  6 quokkas
  4 ball pythons
  4 frilled lizards
  4 kobolds
  5 rats
89 creatures vanquished.

Vanquished Creatures (others)
  238 foxfires
238 creatures vanquished.

Grand Total: 327 creatures vanquished

Notes
Turn   | Place    | Note
-------+----------+-------------------------------------------
     0 | D:1      | DanlarScott the Draconian Fire Elementalist began the quest
                  | for the Orb.
     0 | D:1      | Reached XP level 1. HP: 14/14 MP: 3/3
   409 | D:1      | Reached XP level 2. HP: 20/20 MP: 5/5
   775 | D:1      | Reached XP level 3. HP: 26/26 MP: 4/6
  1177 | D:2      | Gained mutation: You sometimes lose the ability to read
                  | scrolls when taking damage. [potion of mutation]
  1177 | D:2      | Gained mutation: Your magical capacity is low. (-10% MP)
                  | [potion of mutation]
  1195 | D:2      | Reached XP level 4. HP: 15/33 MP: 5/7
  1408 | D:2      | Found a faded altar of an unknown god.
  1524 | D:2      | Noticed Terence
  1549 | D:2      | Killed Terence
  1550 | D:2      | Reached skill level 4 in Fire Magic
  1966 | D:2      | Noticed Robin
  1990 | D:2      | Killed Robin
  1991 | D:2      | Reached XP level 5. HP: 38/38 MP: 8/8
  3406 | D:4      | Reached XP level 6. HP: 18/45 MP: 6/10
  3423 | D:4      | HP: 1/45 [poisoned by an orc]
  3424 | D:4      | Succumbed to an orc's poison

Illustrated notes

Levels and vault maps discovered:
D:1:      onia_arrival_mini_spirals, layout_basic, hex_tiny
D:2:      layout_loops_ring, chequers_ecumenical_altar_island, minmay_tripent,
          uniq_robin, uniq_terence
D:3:      layout_basic
D:4:      layout_loops_ring, lemuel_doored_altar, cheibrodos_sewer_entry_bend

Skill      XL: |  1  2  3  4  5 |
---------------+----------------+-----
Conjurations   | 2 3 |  3.5
Spellcasting   | 3 |  3.7
Fire Magic     | 4 |  4.6
Dodging        | |  1.7
Stealth        | |  1.7

Action                   |  1- 3 |  4- 6 || total
-------------------------+-------+-------++-------
Melee: Dagger            |    25 |       ||    25
       Unarmed           |     1 |       ||     1
       Punch             |     1 |       ||     1
       Whip              |     1 |    12 ||    13
 Cast: Foxfire           |    64 |   118 ||   182
  Use: Potion            |     5 |     2 ||     7
       Scroll            |       |     2 ||     2
Armor: Skin              |    23 |    29 ||    52
Dodge: Dodged            |    57 |    56 ||   113
